Map: Lost and Found LE

Players

Neeb

  • Race: Protoss Protoss
  • Spawn Location: 1:00

ShoWTimE - Winner!

  • Race: Protoss Protoss
  • Spawn Location: 7:00

Event: WCS Valencia 2018

VOD

Have the link to the VOD?

Description

Time

  • Played on: July 14, 2018, 7:56 a.m.
  • Length: 10:43

All games in this series

Show
View Real Time Build Order
Export as new Build Order

Neeb Protoss 

Build Orders: Phoenix Opening 

Get SALT Encoding   

  12  0:00  Probe  
  13  0:12  Probe  
  14  0:17  Pylon  
  14  0:23  Probe  
  15  0:31  Probe  
  16  0:37  Gateway  
  16  0:39  Probe  
  16  0:46  Assimilator  
  17  0:51  Probe  
  17  0:55  Assimilator  
  18  1:03  Probe  
  19  1:06  Gateway  
  19  1:15  Probe  
  20  1:24  Cybernetics Core  
  20  1:27  Probe  
  20  1:32  Pylon  
  21  1:39  Probe  
  22  1:51  Probe  
  23  2:01  Stargate  
  23  2:03  Adept  
  23  2:05  Adept  
  27  2:09  Warp Gate  
  27  2:18  Pylon  
  27  2:31  Adept  
  27  2:32  Adept  
  31  2:37  Phoenix  
  31  2:47  Probe  
  34  2:54  Phoenix  
  34  3:02  Shield Battery  
  36  3:11  Probe  
  35  3:18  Phoenix  
  35  3:23  Probe  
  36  3:37  Phoenix  
  36  3:38  Gateway  
  36  3:39  Pylon  
  38  3:48  Shield Battery  
  38  3:54  Phoenix  
  40  4:12  Phoenix  
  40  4:18  Pylon  
  40  4:20  Stalker  
  44  4:29  Gateway  
  44  4:39  Phoenix  
  46  4:54  Stalker  
  48  5:00  Stalker  
  48  5:01  Zealot  
  50  5:21  Stalker  
  52  5:32  Stalker  
  52  5:35  Pylon  
  54  5:36  Pylon  
  54  5:55  Stalker x3  
  60  6:03  Stalker  
  58  6:24  Stalker x2  
  52  6:37  Stalker x2  
  54  6:53  Stalker x2  
  58  7:00  Stalker  
  50  7:27  Stalker x3  
  54  7:46  Robotics Facility  
  54  7:50  Adept  
  52  8:07  Sentry  
  54  8:24  Immortal  
  56  8:53  Nexus  
  54  9:00  Adept  
  54  9:01  Adept  
  56  9:10  Warp Prism  
  58  9:25  Sentry  
  58  9:30  Sentry  
  62  9:38  Sentry  
  63  10:17  Stalker x3  
  63  10:27  Sentry  
  63  10:28  Adept  
Show
View Real Time Build Order
Export as new Build Order

ShoWTimE Protoss - Winner!

Build Orders: Blink Stalkers 

Get SALT Encoding   

  12  0:00  Probe  
  13  0:12  Probe  
  14  0:17  Pylon  
  14  0:24  Probe  
  15  0:32  Probe  
  15  0:37  Gateway  
  15  0:40  Probe  
  16  0:46  Assimilator  
  17  0:51  Probe  
  17  0:56  Assimilator  
  18  0:59  Probe  
  19  1:07  Probe  
  20  1:13  Gateway  
  20  1:17  Probe  
  20  1:25  Cybernetics Core  
  21  1:29  Probe  
  22  1:35  Pylon  
  22  1:41  Probe  
  23  1:53  Probe  
  24  2:01  Warp Gate, Adept x2  
  28  2:11  Pylon  
  28  2:24  Twilight Council  
  28  2:31  Stalker  
  28  2:33  Stalker  
  28  2:35  Blink  
  32  3:04  Shield Battery  
  32  3:08  Stalker  
  32  3:10  Stalker  
  36  3:23  Gateway  
  34  3:29  Pylon  
  34  3:46  Nexus  
  34  3:52  Probe  
  35  4:04  Probe  
  35  4:06  Stalker  
  35  4:08  Stalker  
  38  4:16  Probe  
  39  4:18  Stalker  
  41  4:28  Pylon, Probe  
  42  4:39  Adept  
  42  4:40  Probe  
  42  4:44  Adept  
  42  4:45  Charge  
  46  4:52  Probe  
  47  4:55  Pylon  
  47  5:04  Probe  
  48  5:14  Stalker  
  50  5:17  Stalker  
  52  5:26  Stalker  
  56  5:38  Shield Battery  
  56  5:40  Shield Battery  
  56  5:42  Shield Battery  
  54  5:43  Pylon  
  54  5:45  Stalker  
  56  5:52  Stalker  
  58  5:59  Zealot  
  60  6:09  Zealot  
  60  6:17  Stalker  
  54  6:21  Stalker  
  48  6:29  Stalker  
  44  6:39  Stalker  
  43  6:44  Stalker  
  43  6:46  Stalker  
  44  6:57  Pylon  
  44  7:00  Stalker  
  46  7:07  Pylon  
  46  7:14  Stalker  
  44  7:23  Sentry  
  42  7:30  Adept  
  44  7:37  Adept  
  46  7:54  Stalker x2  
  50  8:00  Dark Shrine  
  49  8:16  Nexus  
  49  8:37  Pylon  
  49  8:46  Zealot x2  
  53  8:57  Zealot  
  55  9:10  Pylon  
  55  9:14  Templar Archives  
  55  9:25  Probe  
  55  9:29  Probe  
  57  9:52  Gateway, High Templar x2  
  61  9:57  Archon  
  61  9:59  High Templar  
  59  10:02  Gateway  
  59  10:17  Shield Battery  
  59  10:18  Pylon  
  59  10:20  High Templar  
  61  10:22  Zealot  
  61  10:25  Archon  
  63  10:30  Zealot  
  57  10:41  Zealot  
Tags
 
Add a new tag
Caveats
  • Supply blocks, unpowered buildings, or Contaminate may cause inaccurate times.
  • Supply counts are checked every 10 seconds.